 Dungeon Crawl Stone Soup version 0.28.0-53-g5a82cb258f (webtiles) character file.

Game seed: 2010791913030976921

25 Nyth the Insei (level 2, 0/22 HPs)
             Began as a Demigod Transmuter on Aug 8, 2022.
             Succumbed to an adder's poison
             ... on level 2 of the Dungeon.
             The game lasted 00:03:31 (831 turns).

Nyth the Insei (Demigod Transmuter)                  Turns: 831, Time: 00:03:32

Health: 0/22       AC:  3    Str: 11    XL:     2   Next: 66%
Magic:  6/7        EV: 12    Int: 15    God:
Gold:   1          SH:  0    Dex: 14    Spells: 3/4 levels left

rFire   . . .      SeeInvis .     - Unarmed
rCold   . . .      Faith    .   (no shield)
rNeg    . . .      Spirit   .   c - +0 leather armour
rPois   .          Reflect  .   (helmet currently unavailable)
rElec   .          Harm     .   (no cloak)
rCorr   .          Rampage  .   (no gloves)
Will    .....                   (boots currently unavailable)
Stlth   +.........              (no amulet)
HPRegen 0.07/turn               (no ring)
MPRegen 0.10/turn               (no ring)

@: lethally poisoned (0 -> -3), appendages
A: horns 2, talons 2, high MP 1, forlorn, divine attributes
a: End Transformation


You were on level 2 of the Dungeon.
You had temporarily grown beastly horns and talons.
You visited 1 branch of the dungeon, and saw 2 of its levels.

You collected 1 gold pieces.

Inventory:

Missiles
 e - 4 atropa-tipped darts
Armour
 a - a +0 robe
 b - a +0 scale mail
 c - a +0 leather armour (worn)
Scrolls
 d - a scroll of vulnerability {unknown}
Potions
 f - a potion of mutation {unknown}
 g - a potion of might {unknown}


   Skills:
 + Level 0.8 Fighting
 * Level 2.4 Dodging
 * Level 3.1 Unarmed Combat
 + Level 1.9 Spellcasting
 * Level 2.0 Transmutations


You had 3 spell levels left.
You knew the following spells:

 Your Spells              Type           Power      Damage    Failure   Level
a - Beastly Appendage     Tmut           14%        N/A       13%         1

Your spell library contained the following spells:

 Spells                   Type           Power      Damage    Failure   Level
 Wereblood                Tmut           7%         N/A       21%         2
 Spider Form              Tmut/Pois      4%         N/A       52%         3
 Ice Form                 Ice/Tmut       4%         N/A       89%         4


Dungeon Overview and Level Annotations

Branches:
Dungeon (2/15)


Innate Abilities, Weirdness & Mutations

You have temporarily grown beastly horns and talons.
You have an increased reservoir of magic. (+10% MP)
You shall have no god before yourself.
Your divine heritage dramatically boosts your attributes as you level up.


Message History

No target in view!
Done exploring.
There is a stone staircase leading down here.
You climb downwards.
The adder hisses angrily.
Found a dark potion.
There is a stone staircase leading up here.
You see here a dark potion.
g - a dark potion
Found a There-And-Back Book.
A dart slug comes into view.
You barely miss the adder. The dart slug launches a dart at you.
The slug dart misses you. The adder bites you but does no damage.
You closely miss the adder. You punch the adder.
The adder is heavily wounded.
The adder bites you.
You are poisoned.
The adder poisons you!
You grow a pair of large bovine horns.
Your feet morph into talons.
You feel sick. The adder bites you.
You are more poisoned.
The adder poisons you! The dart slug launches a dart at you.
The slug dart hits you.
You feel sick. The adder bites you. The adder barely misses you.
You feel sick. The adder barely misses you.
The dart slug launches a dart at you. The slug dart hits you.
* * * LOW HITPOINT WARNING * * *
You closely miss the adder. You claw the adder.
You kill the adder!
* * * LOW HITPOINT WARNING * * *
You feel sick. The dart slug launches a dart at you. The slug dart hits you.
* * * LOW HITPOINT WARNING * * *
* * * LOW HITPOINT WARNING * * *
You feel sick.
You die...

#.# ... #.# #
#.# .#
#.####.#
#####......#
#.......<#
#....†...#
#..@.....#
+..........#
#........#.#
#........#.#
:w..........#
.############
.. ..


You could see a dart slug.

Vanquished Creatures
  An adder (D:2)
  3 bats (D:1)
  3 endoplasms (D:1)
  A hobgoblin (D:1)
  A quokka (D:1)
  2 ball pythons (D:1)
  2 frilled lizards (D:1)
  A goblin (D:1)
  A kobold (D:1)
  3 rats (D:1)
18 creatures vanquished.

Notes
Turn   | Place    | Note
-------+----------+-------------------------------------------
     0 | D:1      | Nyth the Demigod Transmuter began the quest for the Orb.
     0 | D:1      | Reached XP level 1. HP: 15/15 MP: 5/5
   387 | D:1      | Reached skill level 3 in Unarmed Combat
   387 | D:1      | Reached XP level 2. HP: 22/22 MP: 5/7
   830 | D:2      | HP: 1/22 [poisoned by an adder]
   831 | D:2      | Succumbed to an adder's poison

Illustrated notes

Levels and vault maps discovered:
D:1:      psy_arrival_terrarium, layout_rooms,
          hellmonk_ecumenical_altar_slurped_away
D:2:      layout_basic

Skill      XL: |  1  2 |
---------------+-------+-----
Dodging        | 2 |  2.4
Unarmed Combat | 3 |  3.1
Transmutations | 2 |  2.0
Fighting       | |  0.8
Spellcasting   | |  1.9

Action                   || total
-------------------------++-------
Melee: Unarmed           ||    44
       Kick              ||    12
       Headbutt          ||     5
       Punch             ||     1
 Cast: Beastly Appendage ||    14
Armor: Robe              ||    14
       Leather armour    ||     3
Dodge: Dodged            ||    42
